 Dungeon Crawl Stone Soup version 0.18-a0-952-g309898a (webtiles) character file.

121 Jmtri7 the Vandal (level 5, -2/34 HPs)
             Began as an Octopode Hunter on Jan 1, 2016.
             Slain by MetaCosm's ghost (3 damage)
             ... on level 3 of the Dungeon.
             The game lasted 00:10:24 (1935 turns).

Jmtri7 the Vandal (Octopode Hunter)                 Turns: 1935, Time: 00:10:24

Health: -2/34      AC:  5    Str: 11    XL:     5   Next: 5%
Magic:  5/5        EV: 12    Int: 13    God:
Gold:   78         SH:  0    Dex: 13    Spells: 0 memorised, 4 levels left

rFire  . . .     SeeInvis .     a - +1 hunting sling
rCold  + + .     Gourm    .     (no shield)
rNeg   . . .     Faith    .     (helmet restricted)
rPois  .         Spirit   .     (no amulet)
rElec  .         Dismiss  .     t - ring of protection from cold
rCorr  .         Reflect  .     (no ring)
SustAt .         Harm     .     (no ring)
MR     .....                    (no ring)
Stlth  ++++......               (no ring)
                                (no ring)
                                (no ring)
                                (no ring)

@: not resistant to hostile enchantments, stealthy
A: almost no armour, amphibious, 8 rings, constrict 8, rough black scales 1,
camouflage 1, cold resistance 1, gelatinous body 1
a: no special abilities


You were on level 3 of the Dungeon.
You were not hungry.

You visited 1 branch of the dungeon, and saw 3 of its levels.

You collected 78 gold pieces.

Inventory:

Hand Weapons
 a - a +1 hunting sling (weapon)
 p - a +1 dagger of holy wrath
Missiles
 j - 136 stones (quivered)
 q - 14 poisoned sling bullets
Jewellery
 t - a ring of protection from cold (left tentacle)
Scrolls
 e - a scroll of amnesia {unknown}
 f - 2 scrolls of fear {unknown}
 g - 2 scrolls of recharging {unknown}
 h - a scroll of teleportation {unknown}
 i - 2 scrolls of immolation {unknown}
 k - 2 scrolls of identify {unknown}
 l - a scroll of magic mapping {unknown}
Potions
 d - a potion of heal wounds {unknown}
 m - a potion of ambrosia {unknown}
 n - a potion of invisibility {unknown}
 r - a potion of cancellation {unknown}
 s - a potion of flight {unknown}
Comestibles
 o - a meat ration


   Skills:
 - Level 2.0 Fighting
 + Level 5.0 Slings
 - Level 2.2 Dodging
 + Level 5.0 Stealth


You had 4 spell levels left.
You didn't know any spells.

Dungeon Overview and Level Annotations

Branches:
Dungeon (3/15)

Altars:
Makhleb

Annotations:
D:3 MetaCosm's ghost, amateur SpWr


Innate Abilities, Weirdness & Mutations

You cannot wear most types of armour.
You are amphibious.
You can wear up to eight rings at the same time.
You can use your tentacles to constrict eight enemies at once.
Your skin changes colour to match your surroundings (Stealth).
Your rubbery body absorbs attacks (AC +1).
You are partially covered in rough black scales (AC +4, Dex -1).
Your flesh is cold resistant.


Message History

MetaCosm's ghost is nearby!
Firing (i - inventory. (,) - cycle):
j - 139 stones (quivered)
Press: ? - help, Shift-Dir - straight line, f/p - MetaCosm's ghost
Aim: MetaCosm's ghost (translocational energy, severely damaged)
You shoot a stone.
The stone barely misses MetaCosm's ghost.
MetaCosm's ghost closely misses you.
Firing (i - inventory. (,) - cycle):
j - 138 stones (quivered)
Press: ? - help, Shift-Dir - straight line, f/p - MetaCosm's ghost
Aim: MetaCosm's ghost (severely damaged)
You shoot a stone. The stone misses MetaCosm's ghost.
MetaCosm's ghost hits you.
* * * LOW HITPOINT WARNING * * *
Firing (i - inventory. (,) - cycle):
j - 137 stones (quivered)
Press: ? - help, Shift-Dir - straight line, f/p - MetaCosm's ghost
Aim: MetaCosm's ghost (severely damaged)
You shoot a stone. The stone hits MetaCosm's ghost.
MetaCosm's ghost is severely damaged.
MetaCosm's ghost hits you.
You die...

.## ### #...(# #.. .. ..#...
####(######.##.#####
..#.#.#.##### #.((((##.#......#
............####.....##.#......#
..#####.# #...÷)(.(..[......####
..........#..###(....#.........#
.##.###...#..# #.(...#....####.#
## .. ...#..# #W#####........?#
######.......# #@# #...#######
.....#..#...## #.# #...#
####.#...#######.# #...#
....†....# #...#.# #...###.#
#.##.###.###...#.# #......<#
#........#......(### #..######
####.)####.#...###.. #........
##...# #...# #.# #.##..###
#####.#.##.#...# #.# #.# .>#


You could see MetaCosm's ghost.

Vanquished Creatures
  Jessica (D:3)
  Robin (D:3)
  3 adders (D:3)
  A worm (D:2)
  2 orcs (D:3)
  2 ball pythons (D:3)
  3 hobgoblins
  3 jackals (D:2)
  6 kobolds
  A quokka (D:2)
  9 bats
  2 giant cockroaches
  3 giant newts
  15 goblins
  2 rats
54 creatures vanquished.

Notes
Turn   | Place    | Note
--------------------------------------------------------------
     0 | D:1      | Jmtri7 the Octopode Hunter began the quest for the Orb.
     0 | D:1      | Reached XP level 1. HP: 14/14 MP: 1/1
   334 | D:1      | Reached XP level 2. HP: 19/19 MP: 2/2
   907 | D:2      | Reached XP level 3. HP: 22/24 MP: 3/3
  1130 | D:3      | Noticed Robin
  1139 | D:3      | Killed Robin
  1208 | D:3      | Reached XP level 4. HP: 26/29 MP: 4/4
  1244 | D:3      | Gained mutation: Your flesh is cold resistant. [potion of mutation]
  1244 | D:3      | Gained mutation: You are partially covered in rough black scales (AC +4, Dex -1). [potion of mutation]
  1427 | D:3      | Noticed Jessica
  1436 | D:3      | Killed Jessica
  1809 | D:3      | Found a burning altar of Makhleb.
  1809 | D:3      | Noticed a balrug
  1813 | D:3      | Noticed an orange demon
  1813 | D:3      | Noticed an orange demon
  1892 | D:3      | Noticed MetaCosm's ghost (amateur SpWr)
  1911 | D:3      | Reached skill level 5 in Slings
  1911 | D:3      | Reached skill level 5 in Stealth
  1911 | D:3      | Reached XP level 5. HP: 11/34 MP: 5/5
  1934 | D:3      | HP: 1/34 [MetaCosm's ghost (2)]
  1935 | D:3      | Slain by MetaCosm's ghost

Vault maps used:
D:1:      tarquinn_simple_flora_water_a
D:3:      roderic_lattice_a, makhleb_altar_promises_db, uniq_jessica,
          uniq_crazy_yiuf_cottage, uniq_robin

Action                   |  1- 3 |  4- 6 || total
-------------------------+-------+-------++-------
 Fire: Hunting sling     |   110 |    86 ||   196
  Use: Potion            |       |     2 ||     2
  Eat: Bread ration      |       |     1 ||     1
